 Dungeon Sprint DCSS version 0.27-a0-401-gea03ee85fd (webtiles) character file.

Game seed: 6223525755091734771

21537 mhtbhm the Executioner (level 12, -2/125 HPs)
             Began as a Minotaur Fighter on Feb 21, 2021.
             Was the Champion of Trog.
             Slain by a two-headed ogre
             ... wielding a +0 giant club
              (11 damage)
             ... while paralysed by a floating eye
             ... in the Dungeon (Sprint VII: "The Pits").
             The game lasted 00:06:03 (2595 turns).

mhtbhm the Executioner (Minotaur Fighter)           Turns: 2595, Time: 00:06:04

Health: -2/125     AC: 27    Str: 29    XL:     12   Next: 55%
Magic:  11/11      EV:  2    Int:  5    God:    Trog [******]
Gold:   7          SH:  0    Dex: 14    Spells: 11/11 levels left

rFire    . . .     SeeInvis .   a - +14 broad axe "Beororoj" {vorpal, rC- Will+ Dex+4}
rCold    x . .     Faith    .   c - +0 kite shield
rNeg     . . .     Spirit   .   b - +3 plate armour
rPois    .         Reflect  .   t - +2 hat
rElec    .         Harm     .   (no cloak)
rCorr    .         Rampage  .   (no gloves)
Will     +....     NoTele   +   q - +0 pair of boots
Stlth    ..........             (no amulet)
HPRegen  0.30/turn              n - +3 ring of protection
MPRegen  0.12/turn              o - +3 ring of strength

@: paralysed, berserk cooldown, slowed
A: retaliatory headbutt, horns 2
a: Renounce Religion, Berserk, Trog's Hand, Brothers in Arms


You were in the Dungeon.
You worshipped Trog.
Trog was exalted by your worship.
You visited 1 branch You collected 7 gold pieces.

Inventory:

Hand Weapons
 a - the +14 broad axe "Beororoj" (weapon) {vorpal, rC- Will+ Dex+4}
   (Trog gifted it to you in the Dungeon)

   It inflicts extra damage upon your enemies.
   It affects your dexterity (+4).
   It makes you vulnerable to cold.
   It affects your willpower, your defense against some magical effects.
Armour
 b - a +3 plate armour (worn)
 c - a +0 kite shield (worn)
 q - a +0 pair of boots (worn)
 t - a +2 hat (worn)
Jewellery
 n - a +3 ring of protection (left hand)
 o - a +3 ring of strength (right hand)
 v - a ring of protection from fire
 C - a ring of poison resistance
Wands
 m - a wand of random effects (27)
 B - a wand of polymorph (7)
Scrolls
 j - 2 scrolls of blinking
 l - a scroll of summoning
 u - 4 scrolls of identify
 x - a scroll of fog
 y - 2 scrolls of fear
 z - 2 scrolls of enchant weapon
 A - 4 scrolls of enchant armour
Potions
 d - 3 potions of might
 e - 11 potions of curing
 f - 9 potions of heal wounds
 g - 4 potions of haste
 h - 4 potions of magic
 i - 3 potions of berserk rage
 k - 2 potions of invisibility
 p - 3 potions of mutation
 r - a potion of cancellation {unknown}
 s - 2 potions of flight
Miscellaneous
 w - a box of beasts


   Skills:
 + Level 17.0 Fighting
 + Level 22.0 Axes
 + Level 16.8 Armour
 + Level 6.6 Dodging
 + Level 1.8 Stealth
 + Level 17.0 Shields


You had 11 spell levels left.
You didn't know any spells.
Your spell library was empty.

Dungeon Overview and Level Annotations

Branches:
Dungeon (1/1)

Altars:
Ashenzari
Cheibriados
Dithmenos
Elyvilon
Fedhas
Gozag
Hepliaklqana
Kikubaaqudgha
Makhleb
Nemelex Xobeh
Okawaru
Qazlal
Ru
Sif Muna
Trog
Uskayaw
Vehumet
Wu Jian
Xom
Yredelemnul
Zin
The Shining One
Beogh
Jiyva
Lugonu


Innate Abilities, Weirdness & Mutations

You reflexively headbutt those who attack you in melee.
You have a pair of horns on your head.


Message History

a glowing rapier {god gift}; +0 fire dragon scales; a fire dragon corpse You feel much better.
The floating eye gazes piercingly through you!
You suddenly lose the ability to move!
The two-headed ogre hits you with a +0 giant club.
The two-headed ogre hits you but does no damage.
The two-headed ogre hits you with a +0 giant club!
* * * LOW HITPOINT WARNING * * *
The two-headed ogre hits you but does no damage.
The floating eye's stare focuses on you.
The two-headed ogre hits you but does no damage.
The two-headed ogre hits you with a +0 dire flail.
* * * LOW HITPOINT WARNING * * *
The two-headed ogre hits you but does no damage.
The two-headed ogre hits you with a +0 giant club.
* * * LOW HITPOINT WARNING * * *
The two-headed ogre hits you with a +0 giant club!!
* * * LOW HITPOINT WARNING * * *
The two-headed ogre hits you but does no damage. x3
The two-headed ogre hits you but does no damage. x2
You can move again.
Okay, then.
Okay, then.
As you read the scroll of fear, it crumbles to dust.
You assume a fearsome visage.
The floating eye looks frightened!
The two-headed ogre looks frightened! x2; A two-headed ogre opens the door.
Which direction?
You close the door, pushing everything out of the way.
There is a huge open gate to a Minivault (Hard), spattered with blood here.
There is a huge open gate to a Minivault (Hard) here.
You close the huge gate.
A two-headed ogre opens the huge gate.
Your stone giant goes berserk!
The floating eye gazes piercingly through you!
You suddenly lose the ability to move!
The floating eye's view fixates on you.
The two-headed ogre hits you with a +0 giant club!
* * * LOW HITPOINT WARNING * * *
The two-headed ogre hits you with a +0 giant club!
You die...

+..#....#..#
+..........#
#..........#
#..#....#..#
+..........#
+..........#
#..#....#..#
#.....OC...+
#.....G@...+
###''####''#
###''####''#############
#.)O...##...............
#.#'##G##...............
#.#[)'.##..#############
# ':)#.##..# .#=.'.##..#
##########.+=G#O##..#


You could see a two-headed ogre, a floating eye (charged, ally target) and a
friendly stone giant (summoned, berserk).

Vanquished Creatures
  Gastronok (D)
  A fire giant (D)
  A fire dragon (D)
  An ogre mage (D)
  2 boulder beetles (D)
  2 two-headed ogres (D)
  3 death yaks (D)
  A fire crab (D)
  2 deep trolls (D)
  A swamp dragon (D)
  A bog body (D)
  A large abomination (D)
  A wizard (D)
  2 phantasmal warriors (D)
  An orc knight (D)
  A cyclops (D)
  A necromancer (D)
  2 elephants (D)
  A merfolk siren (D)
  An eye of devastation (D)
  2 cane toads (D)
  Psyche (D)
  An efreet (D)
  An ice devil (D)
  A troll (D)
  A red devil (D)
  A hellwing (D)
  A tyrant leech (D)
  5 blink frogs (D)
  A ynoxinul (D)
  A spriggan (D)
  A wyvern (D)
  A wraith (D)
  2 fire bats (D)
  A steam dragon (D)
  2 wargs (D)
  A floating eye (D)
  An orc warrior (D)
  A black bear (D)
  An ice beast (D)
  An ogre (D)
  A centaur (D)
  A phantom (D)
  Blork the orc (D)
  12 killer bees (D)
  5 wights (D)
  A crimson imp (D)
  4 orc priests (D)
  A hound (D)
  Ijyb (D)
  2 iguanas (D)
  An orc wizard (D)
  A worker ant (D)
  An adder (D)
  A river rat (D)
  A white imp (D)
  2 ufetubi (D)
  An adder zombie (D)
  2 adder skeletons (D)
  A leopard gecko (D)
  8 orcs (D)
  A bat simulacrum (D)
  A bat skeleton (D)
  A giant cockroach (D)
  2 hobgoblins (D)
  2 ball pythons (D)
  A frilled lizard (D)
  A kobold (D)
112 creatures vanquished.

Vanquished Creatures (others)
  An orc (D)
1 creature vanquished.

Grand Total: 113 creatures vanquished

Notes
Turn   | Place    | Note
-------+----------+-------------------------------------------
     0 | D        | mhtbhm the Minotaur Fighter began the quest for the Orb.
     0 | D        | Reached XP level 1. HP: 19/19 MP: 0/0
    18 | D        | Found a bloodstained altar of Trog.
    18 | D        | Found a shimmering blue altar of Sif Muna.
    18 | D        | Found a viscous altar of Jiyva.
    18 | D        | Found a hazy altar of Hepliaklqana.
    18 | D        | Found an opulent altar of Gozag.
    19 | D        | Found a glowing golden altar of the Shining One.
    19 | D        | Found a glowing silver altar of Zin.
    19 | D        | Found a basalt altar of Yredelemnul.
    19 | D        | Found a shimmering altar of Xom.
    19 | D        | Found an ornate altar of the Wu Jian Council.
    19 | D        | Found a sacrificial altar of Ru.
    19 | D        | Found a stormy altar of Qazlal.
    19 | D        | Found an iron altar of Okawaru.
    19 | D        | Found a sparkling altar of Nemelex Xobeh.
    19 | D        | Found a burning altar of Makhleb.
    19 | D        | Found a blossoming altar of Fedhas.
    19 | D        | Found a white marble altar of Elyvilon.
    19 | D        | Found a shadowy altar of Dithmenos.
    19 | D        | Found a snail-covered altar of Cheibriados.
    21 | D        | Found a radiant altar of Vehumet.
    21 | D        | Found a corrupted altar of Lugonu.
    21 | D        | Found a roughly hewn altar of Beogh.
    23 | D        | Became a worshipper of Trog the Wrathful
    60 | D        | Reached XP level 2. HP: 28/28 MP: 1/1
    67 | D        | Reached skill level 3 in Axes
   161 | D        | Reached * piety under Trog
   164 | D        | Reached skill level 5 in Fighting
   169 | D        | Reached ** piety under Trog
   170 | D        | Reached skill level 5 in Armour
   170 | D        | Reached skill level 5 in Shields
   170 | D        | Reached XP level 3. HP: 37/37 MP: 2/2
   267 | D        | Noticed a floating eye
   268 | D        | Noticed an ogre
   268 | D        | Noticed Blork the orc
   271 | D        | Paralysed by a floating eye for 4 turns
   278 | D        | Paralysed by a floating eye for 3 turns
   287 | D        | Paralysed by a floating eye for 3 turns
   290 | D        | Killed Blork the orc
   290 | D        | Reached *** piety under Trog
   291 | D        | Reached skill level 4 in Axes
   291 | D        | Reached skill level 1 in Dodging
   291 | D        | Reached XP level 4. HP: 40/45 MP: 3/3
   291 | D        | Killed a floating eye
   292 | D        | Reached skill level 6 in Axes
   292 | D        | Reached XP level 5. HP: 48/53 MP: 4/4
   297 | D        | Reached **** piety under Trog
   308 | D        | Killed an ogre
   309 | D        | Reached skill level 7 in Axes
   309 | D        | Reached XP level 6. HP: 25/62 MP: 5/5
   533 | D        | Reached ***** piety under Trog
   536 | D        | Noticed a wraith
   550 | D        | Killed a wraith
   551 | D        | Reached skill level 8 in Axes
   551 | D        | Reached skill level 10 in Shields
   551 | D        | Reached XP level 7. HP: 44/70 MP: 6/6
   556 | D        | Reached skill level 9 in Axes
   818 | D        | Noticed an ice devil
   818 | D        | Noticed a two-headed ogre
   822 | D        | Reached skill level 10 in Armour
   827 | D        | Killed an ice devil
   828 | D        | Reached skill level 10 in Axes
   830 | D        | Killed a two-headed ogre
   830 | D        | Received a gift from Trog
   830 | D        | Reached ****** piety under Trog
   831 | D        | Reached skill level 10 in Fighting
   831 | D        | Reached skill level 12 in Axes
   831 | D        | Reached XP level 8. HP: 9/80 MP: 7/7
  1187 | D        | Found a hide-covered altar of Uskayaw.
  1187 | D        | Found an ancient bone altar of Kikubaaqudgha.
  1187 | D        | Found a broken altar of Ashenzari.
  1214 | D        | Noticed a deep troll
  1221 | D        | Killed a deep troll
  1222 | D        | Reached skill level 13 in Axes
  1222 | D        | Reached skill level 5 in Dodging
  1222 | D        | Reached XP level 9. HP: 86/86 MP: 8/8
  1222 | D        | Noticed a bog body
  1227 | D        | Received a gift from Trog
  1231 | D        | Killed a bog body
  1232 | D        | Reached skill level 1 in Stealth
  1271 | D        | Noticed a necromancer
  1277 | D        | Killed a necromancer
  1277 | D        | Received a gift from Trog
  1278 | D        | Reached skill level 14 in Axes
  1327 | D        | Noticed a cane toad
  1329 | D        | Noticed an eye of devastation
  1339 | D        | Killed a cane toad
  1342 | D        | Killed an eye of devastation
  1497 | D        | Noticed a large abomination
  1501 | D        | Reached skill level 15 in Axes
  1506 | D        | Received a gift from Trog
  1508 | D        | Killed a large abomination
  1509 | D        | Reached XP level 10. HP: 97/97 MP: 9/9
  1552 | D        | Noticed a phantasmal warrior
  1552 | D        | Noticed a fire giant
  1552 | D        | Noticed Psyche
  1557 | D        | Killed a phantasmal warrior
  1558 | D        | Reached skill level 16 in Axes
  1562 | D        | Killed a fire giant
  1568 | D        | Killed Psyche
  1569 | D        | Reached skill level 17 in Axes
  1745 | D        | Noticed a cane toad
  1750 | D        | Killed a cane toad
  1754 | D        | Received a gift from Trog
  1758 | D        | Got a buzzing broad axe {god gift}
  1759 | D        | Identified the +4 broad axe of the Endless March {vorpal,
                  | Str+4 Dex+6} (Trog gifted it to you in the Dungeon)
  1872 | D        | Noticed a boulder beetle
  1873 | D        | Noticed a deep troll
  1879 | D        | Killed a deep troll
  1880 | D        | Reached skill level 15 in Armour
  1884 | D        | Reached skill level 18 in Axes
  1884 | D        | Reached XP level 11. HP: 107/107 MP: 10/10
  1884 | D        | Received a gift from Trog
  1885 | D        | Killed a boulder beetle
  1934 | D        | Noticed Gastronok
  1950 | D        | Killed Gastronok
  1950 | D        | Received a gift from Trog
  1951 | D        | Reached skill level 19 in Axes
  1951 | D        | Reached skill level 15 in Shields
  1964 | D        | Got a twisted broad axe {god gift}
  1965 | D        | Identified the +14 broad axe "Beororoj" {vorpal, rC- Will+
                  | Dex+4} (Trog gifted it to you in the Dungeon)
  2065 | D        | Noticed a death yak
  2065 | D        | Noticed a death yak
  2065 | D        | Noticed a phantasmal warrior
  2066 | D        | Noticed a death yak
  2071 | D        | Killed a death yak
  2072 | D        | Received a gift from Trog
  2072 | D        | Killed a death yak
  2073 | D        | Reached skill level 20 in Axes
  2078 | D        | Killed a death yak
  2081 | D        | Killed a phantasmal warrior
  2082 | D        | Reached skill level 15 in Fighting
  2261 | D        | Noticed an orc knight
  2264 | D        | Killed an orc knight
  2264 | D        | Received a gift from Trog
  2319 | D        | Noticed Ijyb
  2319 | D        | Noticed a wizard
  2319 | D        | Noticed a boulder beetle
  2319 | D        | Noticed a fire crab
  2324 | D        | Killed a wizard
  2324 | D        | Received a gift from Trog
  2325 | D        | Reached XP level 12. HP: 121/121 MP: 11/11
  2325 | D        | Killed Ijyb
  2326 | D        | Reached skill level 21 in Axes
  2330 | D        | Received a gift from Trog
  2333 | D        | Killed a boulder beetle
  2555 | D        | Noticed a fire dragon
  2555 | D        | Noticed an ogre mage
  2555 | D        | Noticed a two-headed ogre
  2555 | D        | Noticed a two-headed ogre
  2555 | D        | Noticed a two-headed ogre
  2557 | D        | Paralysed by a floating eye for 3 turns
  2563 | D        | Killed a fire dragon
  2564 | D        | Paralysed by a floating eye for 2 turns
  2571 | D        | Killed an ogre mage
  2571 | D        | Received a gift from Trog
  2573 | D        | Killed a two-headed ogre
  2574 | D        | Reached skill level 22 in Axes
  2574 | D        | Paralysed by a floating eye for 2 turns
  2578 | D        | Paralysed by a floating eye for 4 turns
  2593 | D        | Paralysed by a floating eye for 4 turns
  2595 | D        | Slain by a two-headed ogre

Illustrated notes

Levels and vault maps discovered:
D:        pitsprint [storerooms_1, entrance_room_1, metal_vault_1, armoury_1,
          mini_pit_1, grid_room_1, main_hall_1, silver_pit, the_coven_1,
          the_vestibule_1, steel_vault_1, golden_pit, hallway_of_sentries,
          crystal_vault_2, iron_vault_4, final_vault]

Skill      XL: |  1  2  3  4  5  6  7  8  9 10 11 12 |
---------------+-------------------------------------+-----
Fighting       | 4 5 6 7 8 9 10 12 13 15 17 | 17.0
Armour         | 4 5 6 8 9 11 12 14 15 16 | 16.8
Shields        | 4 5 7 8 9 10 11 12 13 14 16 17 | 17.0
Axes           | 3 4 6 7 8 12 13 15 18 20 22 | 22.0
Dodging        | 1 2 3 4 5 6 |  6.6
Stealth        | 1 |  1.8

Action                   |  1- 3 |  4- 6 |  7- 9 | 10-12 || total
-------------------------+-------+-------+-------+-------++-------
Melee: Hand axe          |    23 |    41 |    24 |       ||    88
       Headbutt          |     3 |     2 |     9 |    20 ||    34
       War axe           |     1 |       |       |       ||     1
       Broad axe         |       |       |    35 |    90 ||   125
Invok: Berserk           |     2 |       |     4 |     6 ||    12
       Brothers in Arms  |       |       |       |     1 ||     1
  Use: Potion            |     1 |     1 |       |     1 ||     3
       Scroll            |       |       |       |     1 ||     1
Armor: Scale mail        |    11 |       |       |       ||    11
       Chain mail        |    15 |    10 |     4 |       ||    29
       Plate armour      |       |       |     8 |    78 ||    86
Dodge: Dodged            |    10 |     8 |    16 |    21 ||    55
Block: Kite shield       |    22 |    13 |    34 |    69 ||   138

Table legend: (Time is in decaauts)
 A = Elapsed time spent in this place.
 B = Non-inter-level travel time spent in this place.
 C = Inter-level travel time spent in this place.
 D = Time resting spent in this place.
 E = Time spent auto-exploring this place.
 F = Levels seen in this place.
 G = Mean time per level.
                   A        B        C        D        E       F      G
               +--------+--------+--------+--------+--------+-----+--------+
         Total |   2675 |   2675 |      0 |   1621 |     75 |   1 | 2675.0 |
       Dungeon |   2675 |   2675 |      0 |   1621 |     75 |   1 | 2675.0 |
               +--------+--------+--------+--------+--------+-----+--------+

Top non-repeatable levels by time:
       D: 2675 daAuts
